Rafales vs Staline (R1)

Created - 14 mai 2016 at 20:25

Goals
1 2 3 T
Rafales 0 3 1 4
Staline 1 0 4 5
Shots
1 2 3 T
Rafales 12 18 7 37
Staline 16 5 9 30

1st period

1. Staline , Andrei Loktionov 5 (Mark Fraser, Stu Bickel) at 11:59

Penalties :
Ryan Ellis (Stf) for Tripping (Minor) at 12:41, David Kolomatis (StJ) for Holding (Minor) at 17:42

2nd period

2. Rafales , Ryan Ellis 1 (Cody McLeod, Dan Fritsche) at 3:10 (PP)
3. Rafales , Jeff Skinner 4 (Michael Bournival, Johan Ryno) at 8:39
4. Rafales , Cody McLeod 8 (Ryan Ellis, Dan Fritsche) at 11:54 (PP)

Penalties :
Cody Eakin (StJ) for High sticking (Minor) at 3:07, Johan Ryno (Stf) for Slashing (Minor) at 6:21, Evgeny Dadonov (StJ) for Hooking (Minor) at 11:40, Nathan Davis (Stf) for Roughing (Minor) at 14:02, Cody McLeod (Stf) for Hooking (Minor) at 19:49

3rd period

5. Rafales , Ryan Ellis 2 (Nathan Davis) at 9:44
6. Staline , Evgeny Dadonov 4 (Andrei Loktionov, Jiri Tlusty) at 11:05
7. Staline , Evgeny Dadonov 5 (Stu Bickel, Jiri Tlusty) at 11:13
8. Staline , Evgeny Dadonov 6 (Andrei Loktionov) at 11:31 (PP)
9. Staline , Yan Stastny 3 (Jordan Caron, Nick Spaling) at 14:55 (PP)

Penalties :
Cody McLeod (Stf) for Slashing (Minor) at 11:30, Mike Sislo (Stf) for Roughing (Minor) at 12:04, James Marcou (Stf) for High sticking (Minor) at 14:47, Cody McLeod (Stf) for Hooking (Minor) at 14:56, Mike Sislo (Stf) for Interference (Minor) at 17:48

Goalie Stats

Loïc Lacasse (Stf), 25 saves from 30 shots - (0,833), L, 4-3-0, 60:00 minutes
Tobias Stephan (StJ), 33 saves from 37 shots - (0,892), W, 3-0-1, 60:00 minutes

Players Stats for Rafales

Player Name              G  A  P  +/- PIM S  H  SB GA TA FO     MP     PP MP  PK MP  
------------------------------------------------------------------------------------
Bruno Gervais            0  0  0  -2  0   1  1  0  1  2  0/0    21:05   0:55   5:46 
Cody McLeod              1  1  2  -2  6   3  3  2  0  1  6/11   21:31   1:16   5:20 
Dan Fritsche             0  2  2  -2  0   4  1  1  0  0  18/34  23:27   1:16   7:21 
James Marcou             0  0  0   0  2   0  0  0  0  0  0/0     6:29   0:00   0:00 
Jeff Skinner             1  0  1   1  0   4  4  0  0  0  1/1    13:43   1:16   2:33 
Johan Ryno               0  1  1   1  2   3  0  0  0  0  0/0    12:46   0:06   0:00 
Jonas Junland            0  0  0   1  0   1  0  0  1  0  0/0    13:16   0:55   0:00 
Jonathan Rheault         0  0  0   0  0   2  1  0  1  1  0/0     9:21   0:00   0:00 
Kevin Veilleux           0  0  0   0  0   0  2  0  1  0  3/4     9:33   0:00   0:00 
Marc-André Gragnani      0  0  0   1  0   0  0  0  0  0  0/0    13:01   0:00   0:41 
Matt Gilroy              0  0  0  -2  0   1  0  0  0  1  0/0    19:35   1:21   5:49 
Michael Bournival        0  1  1   1  0   2  0  0  0  0  1/6    12:38   0:54   4:27 
Mike Sislo               0  0  0   0  4   0  2  0  0  0  0/0    13:00   0:54   0:00 
Milan Bartovic           0  0  0  -2  0   4  0  1  0  0  0/0    18:08   0:06   3:16 
Nathan Davis             0  1  1   0  2   2  2  1  0  0  4/13   17:26   0:54   4:34 
Petr Kalus               0  0  0   0  0   0  0  0  0  0  0/0     7:48   0:06   0:33 
Ryan Ellis               2  1  3   0  2   9  1  2  1  0  0/0    27:31   1:21   7:15 
Willie Mitchell          0  0  0   0  0   1  2  1  0  0  0/0    25:31   0:00   8:33 

Players Stats for Staline

Player Name              G  A  P  +/- PIM S  H  SB GA TA FO     MP     PP MP  PK MP  
------------------------------------------------------------------------------------
Aaron Ness               0  0  0   1  0   0  2  0  0  0  0/0    10:58   0:00   0:00 
Andrei Loktionov         1  2  3   2  0   4  2  0  1  1  18/39  23:31   7:47   1:16 
Brendan Shinnimin        0  0  0   0  0   0  0  0  0  0  0/0     0:57   0:00   0:44 
Bryan Bickell            0  0  0  -1  0   0  4  1  1  0  0/0    11:17   0:00   0:32 
Cody Eakin               0  0  0   0  2   0  0  1  0  0  2/5     7:01   0:00   0:02 
Corey Trivino            0  0  0   0  0   0  0  0  0  0  1/1     0:26   0:13   0:00 
Danny Kristo             0  0  0  -1  0   0  0  0  0  1  0/0    10:27   0:00   0:00 
David Desharnais         0  0  0  -1  0   1  0  1  0  0  3/4    10:27   0:00   0:00 
David Kolomatis          0  0  0  -2  2   0  0  1  0  1  0/0    20:09   6:15   0:17 
Evgeny Dadonov           3  0  3   2  2   10 0  1  0  0  2/2    23:16   7:47   1:02 
Greg Pateryn             0  0  0   1  0   0  1  2  0  0  0/0    11:48   0:00   0:50 
James Sheppard           0  0  0   0  0   0  0  0  0  1  0/0     6:42   0:00   0:00 
Jiri Sekac               0  0  0   0  0   0  0  0  0  0  0/0     0:00   0:00   0:00 
Jiri Tlusty              0  2  2   2  0   4  2  1  1  0  3/5    22:30   7:34   0:28 
Jordan Caron             0  1  1   0  0   0  2  0  0  0  0/0    17:49   6:15   0:00 
Mark Fraser              0  1  1   2  0   2  1  1  0  1  0/0    28:20   7:47   1:09 
Mark Stone               0  0  0   0  0   1  0  0  1  0  0/0     6:42   0:00   0:00 
Nick Spaling             0  1  1   0  0   2  2  0  0  0  1/2    17:49   6:15   0:00 
Peter Holland            0  0  0   0  0   0  0  0  0  0  0/0     0:13   0:00   0:00 
Stu Bickel               0  2  2   2  0   2  2  3  0  0  0/0    28:20   7:47   1:09 
Torey Krug               0  0  0  -2  0   1  2  1  1  0  0/0    20:42   6:15   1:07 
Yan Stastny              1  0  1   0  0   3  4  0  0  0  6/11   18:17   6:15   0:28 

3 Stars

1 - Evgeny Dadonov (StJ)
2 - Andrei Loktionov (StJ)
3 - Ryan Ellis (Stf)

Power Play

Rafales - 2 on 3 Attempt(s) - 66,67%
Staline - 2 on 9 Attempt(s) - 22,22%

Penalty Kill

Rafales - 7 on 9 Attempt(s) - 77,78% - Score 0 goal in Penalty Kill
Staline - 1 on 3 Attempt(s) - 33,33% - Score 0 goal in Penalty Kill

Team Stat

Rafales - Hits : 19 - Faceoff Wins : 33 - Blocked Shots : 8 - Penalty Minutes : 18
Staline - Hits : 24 - Faceoff Wins : 36 - Blocked Shots : 13 - Penalty Minutes : 6

Official

Referees : Meier Brad and Sutherland Kelly
Linesman : David Brisebois and Tim Nowak

Game Notes

Evgeny Dadonov has scored a Hat Trick!

Finance

Level 1 -- Attendance: 1870 (93,50%) -- Ticket Income 65 450 $
Level 2 -- Attendance: 1000 (100,00%) -- Ticket Income 15 000 $
Total Attendance: 2870 (95,67%)
Total Ticket Income: 80 450 $
Other Income: 4 022 $
Total Income: 84 472 $

Rafales

5 vs 5 Forward 
   Center                   Left Wing                Right Wing               Time % Phy DF OF 
 1 Dan Fritsche             Cody McLeod              Milan Bartovic           40     1   2  2  
 2 Nathan Davis             Mike Sislo               Johan Ryno               30     1   2  2  
 3 Kevin Veilleux           Jeff Skinner             Jonathan Rheault         20     1   2  2  
 4 Petr Kalus               Michael Bournival        James Marcou             10     1   2  2  

5 vs 5 Defense 
   Defense                  Defense                                           Time % Phy DF OF 
 1 Willie Mitchell          Ryan Ellis                                        40     1   3  1  
 2 Bruno Gervais            Matt Gilroy                                       30     1   3  1  
 3 Jonas Junland            Marc-André Gragnani                               20     1   2  2  
 4 Bruno Gervais            Ryan Ellis                                        10     1   3  1  

PowerPlay Forward 
   Center                   Left Wing                Right Wing               Time % Phy DF OF 
 1 Dan Fritsche             Cody McLeod              Jeff Skinner             60     1   2  2  
 2 Nathan Davis             Mike Sislo               Michael Bournival        40     1   2  2  

PowerPlay Defense
   Defense                  Defense                                           Time % Phy DF OF 
 1 Matt Gilroy              Ryan Ellis                                        60     1   2  2  
 2 Bruno Gervais            Jonas Junland                                     40     1   2  2  

Penalty Kill 4 Players Forward 
   Center                   Wing                     Time % Phy DF OF 
 1 Cody McLeod              Dan Fritsche             60     1   2  2  
 2 Nathan Davis             Milan Bartovic           40     1   2  2  

Penalty Kill 4 Players Defense
   Defense                  Defense                  Time % Phy DF OF 
 1 Willie Mitchell          Ryan Ellis               60     2   3  0  
 2 Bruno Gervais            Matt Gilroy              40     2   3  0  

Penalty Kill - 3 Players Forward 
   Forward                                           Time % Phy DF OF 
 1 Milan Bartovic                                    60     1   2  2  
 2 Dan Fritsche                                      40     1   2  2  

Penalty Kill - 3 Players Defense
   Defense                  Defense                  Time % Phy DF OF 
 1 Willie Mitchell          Ryan Ellis               60     1   4  0  
 2 Jonas Junland            Marc-André Gragnani      40     1   4  0  

4 vs 4 Forward 
   Center                   Wing                     Time % Phy DF OF 
 1 Cody McLeod              Jeff Skinner             60     1   2  2  
 2 Nathan Davis             Michael Bournival        40     1   2  2  

4 vs 4 Defense
   Defense                  Defense                  Time % Phy DF OF 
 1 Matt Gilroy              Ryan Ellis               60     1   3  1  
 2 Bruno Gervais            Marc-André Gragnani      40     1   3  1  

Last Minutes Offensive
   Center                   Left Wing                Right Wing               Defense                  Defense                  
   Dan Fritsche             Cody McLeod              Jeff Skinner             Bruno Gervais            Ryan Ellis               

Last Minutes Defensive
   Center                   Left Wing                Right Wing               Defense                  Defense                  
   Dan Fritsche             Cody McLeod              Milan Bartovic           Willie Mitchell          Matt Gilroy              

Goaltenders
Starting : Loïc Lacasse             
Backup : Eddie Lack               

Extra Forwards
Normal : Cody McLeod, Jeff Skinner, Michael Bournival - PP : Cody McLeod, Jeff Skinner - PK : Michael Bournival
Extra Defensemen
Normal : Ryan Ellis, Bruno Gervais, Willie Mitchell - PP : Ryan Ellis - PK : Willie Mitchell, Matt Gilroy
Penalty Shots
Cody McLeod, Dan Fritsche, Nathan Davis, Mike Sislo, Jeff Skinner

Staline

5 vs 5 Forward 
   Center                   Left Wing                Right Wing               Time % Phy DF OF 
 1 Andrei Loktionov         Evgeny Dadonov           Jiri Tlusty              40     1   2  2  
 2 Yan Stastny              Nick Spaling             Jordan Caron             30     1   2  2  
 3 David Desharnais         Bryan Bickell            Danny Kristo             20     1   2  2  
 4 Cody Eakin               James Sheppard           Mark Stone               10     1   2  2  

5 vs 5 Defense 
   Defense                  Defense                                           Time % Phy DF OF 
 1 Stu Bickel               Mark Fraser                                       40     1   2  2  
 2 Torey Krug               David Kolomatis                                   30     1   2  2  
 3 Aaron Ness               Greg Pateryn                                      20     1   2  2  
 4 Stu Bickel               Mark Fraser                                       10     1   2  2  

PowerPlay Forward 
   Center                   Left Wing                Right Wing               Time % Phy DF OF 
 1 Andrei Loktionov         Evgeny Dadonov           Jiri Tlusty              60     1   2  2  
 2 Yan Stastny              Nick Spaling             Jordan Caron             40     1   2  2  

PowerPlay Defense
   Defense                  Defense                                           Time % Phy DF OF 
 1 Stu Bickel               Mark Fraser                                       60     1   2  2  
 2 Torey Krug               David Kolomatis                                   40     1   2  2  

Penalty Kill 4 Players Forward 
   Center                   Wing                     Time % Phy DF OF 
 1 Andrei Loktionov         Evgeny Dadonov           60     1   2  2  
 2 Yan Stastny              Jiri Tlusty              40     1   2  2  

Penalty Kill 4 Players Defense
   Defense                  Defense                  Time % Phy DF OF 
 1 Stu Bickel               Mark Fraser              60     1   2  2  
 2 Torey Krug               David Kolomatis          40     1   2  2  

Penalty Kill - 3 Players Forward 
   Forward                                           Time % Phy DF OF 
 1 Andrei Loktionov                                  60     1   2  2  
 2 Evgeny Dadonov                                    40     1   2  2  

Penalty Kill - 3 Players Defense
   Defense                  Defense                  Time % Phy DF OF 
 1 Stu Bickel               Mark Fraser              60     1   2  2  
 2 Torey Krug               David Kolomatis          40     1   2  2  

4 vs 4 Forward 
   Center                   Wing                     Time % Phy DF OF 
 1 Andrei Loktionov         Evgeny Dadonov           60     1   2  2  
 2 Yan Stastny              Jiri Tlusty              40     1   2  2  

4 vs 4 Defense
   Defense                  Defense                  Time % Phy DF OF 
 1 Stu Bickel               Mark Fraser              60     1   2  2  
 2 Torey Krug               David Kolomatis          40     1   2  2  

Last Minutes Offensive
   Center                   Left Wing                Right Wing               Defense                  Defense                  
   Andrei Loktionov         Evgeny Dadonov           Jiri Tlusty              Stu Bickel               Mark Fraser              

Last Minutes Defensive
   Center                   Left Wing                Right Wing               Defense                  Defense                  
   Andrei Loktionov         Evgeny Dadonov           Jiri Tlusty              Stu Bickel               Mark Fraser              

Goaltenders
Starting : Tobias Stephan           
Backup : Allen York               

Extra Forwards
Normal : Corey Trivino, Peter Holland, Brendan Shinnimin - PP : Corey Trivino, Peter Holland - PK : Brendan Shinnimin
Extra Defensemen
Normal : Aaron Ness, Greg Pateryn, Torey Krug - PP : Aaron Ness - PK : Greg Pateryn, Torey Krug
Penalty Shots
Andrei Loktionov, Evgeny Dadonov, Yan Stastny, Jiri Tlusty, David Desharnais

% Time on Ice - Rafales

Lines # - Real PCT - Wanted PCT - Time Play
Normal Forward
1 - 36% - 40% - 15:36
2 - 28% - 30% - 12:04
3 - 21% - 20% - 9:21
4 - 15% - 10% - 6:30
Normal Defense
1 - 40% - 40% - 17:15
2 - 29% - 30% - 12:26
3 - 28% - 20% - 12:03
4 - 4% - 10% - 1:47
PP Forward
1 - 60% - 60% - 1:22
2 - 40% - 40% - 0:54
PP Defense
1 - 60% - 60% - 1:21
2 - 40% - 40% - 0:55
PK Forward
1 - 77% - 60% - 10:46
2 - 23% - 40% - 3:16
PK Defense
1 - 66% - 60% - 9:14
2 - 34% - 40% - 4:48
PK3 Forward
1 - 0% - 60%
2 - 0% - 40%
PK3 Defense
1 - 0% - 60%
2 - 0% - 40%
44 Forward
1 - 0% - 60%
2 - 0% - 40%
44 Defense
1 - 0% - 60%
2 - 0% - 40%
Last Minute Offensive  - 0:11
Last Minute Defensive  - 0:00
Total
Forward - 60:00
Defense - 60:00

% Time on Ice - Staline

Lines # - Real PCT - Wanted PCT - Time Play
Normal Forward
1 - 34% - 40% - 14:46
2 - 27% - 30% - 11:37
3 - 24% - 20% - 10:27
4 - 15% - 10% - 6:42
Normal Defense
1 - 39% - 40% - 17:04
2 - 31% - 30% - 13:38
3 - 25% - 20% - 10:58
4 - 4% - 10% - 1:52
PP Forward
1 - 55% - 60% - 7:47
2 - 45% - 40% - 6:15
PP Defense
1 - 55% - 60% - 7:47
2 - 45% - 40% - 6:15
PK Forward
1 - 79% - 60% - 1:48
2 - 21% - 40% - 0:28
PK Defense
1 - 47% - 60% - 1:04
2 - 53% - 40% - 1:12
PK3 Forward
1 - 0% - 60%
2 - 0% - 40%
PK3 Defense
1 - 0% - 60%
2 - 0% - 40%
44 Forward
1 - 0% - 60%
2 - 0% - 40%
44 Defense
1 - 0% - 60%
2 - 0% - 40%
Last Minute Offensive  - 0:00
Last Minute Defensive  - 0:10
Total
Forward - 60:00
Defense - 60:00

Play by Play

1st period


0:01 of 1st period - Dan Fritsche wins face-off versus Andrei Loktionov in neutral zone.
0:06 of 1st period - Backhand shot by Evgeny Dadonov.
0:06 of 1st period - Stopped by Loïc Lacasse without a rebound.
0:07 of 1st period - Evgeny Dadonov wins face-off versus Dan Fritsche in Rafales zone.
0:10 of 1st period - Slapshot by Evgeny Dadonov.
0:10 of 1st period - Stopped by Loïc Lacasse with a rebound.
0:42 of 1st period - Wrist shot by Nick Spaling.
0:42 of 1st period - Stopped by Loïc Lacasse without a rebound.
0:43 of 1st period - Jeff Skinner wins face-off versus David Desharnais in Rafales zone.
2:15 of 1st period - Wrist shot by Jiri Tlusty.
2:15 of 1st period - Stopped by Loïc Lacasse with a rebound.
2:17 of 1st period - Wrist shot by Jiri Tlusty.
2:17 of 1st period - Stopped by Loïc Lacasse with a rebound.
2:40 of 1st period - Wrist shot by David Desharnais.
2:40 of 1st period - Stopped by Loïc Lacasse without a rebound.
2:41 of 1st period - Andrei Loktionov wins face-off versus Dan Fritsche in Rafales zone.
3:34 of 1st period - Mark Fraser is hit by Jeff Skinner and loses puck.
4:45 of 1st period - Icing by Nick Spaling.
4:46 of 1st period - Yan Stastny wins face-off versus Dan Fritsche in Staline zone.
4:48 of 1st period - Icing by Jordan Caron.
4:49 of 1st period - Dan Fritsche wins face-off versus Nick Spaling in Staline zone.
4:50 of 1st period - Slapshot by Cody McLeod.
4:50 of 1st period - Shot Misses the Net.
4:52 of 1st period - Snap shot by Dan Fritsche.
4:52 of 1st period - Stopped by Tobias Stephan with a rebound.
4:54 of 1st period - Slapshot by Milan Bartovic.
4:54 of 1st period - Stopped by Tobias Stephan without a rebound.
4:55 of 1st period - Dan Fritsche wins face-off versus Andrei Loktionov in Staline zone.
5:29 of 1st period - Off-side.
5:30 of 1st period - David Desharnais wins face-off versus Nathan Davis in neutral zone.
6:28 of 1st period - Andrei Loktionov is hit by Cody McLeod and loses puck.
7:13 of 1st period - Snap shot by Mark Stone.
7:13 of 1st period - Stopped by Loïc Lacasse without a rebound.
7:14 of 1st period - Andrei Loktionov wins face-off versus Dan Fritsche in Rafales zone.
7:26 of 1st period - Slapshot by Evgeny Dadonov.
7:26 of 1st period - Stopped by Loïc Lacasse with a rebound.
7:28 of 1st period - Snap shot by Jiri Tlusty.
7:28 of 1st period - Stopped by Loïc Lacasse with a rebound.
7:30 of 1st period - Slapshot by Mark Fraser.
7:30 of 1st period - Shot Misses the Net.
7:40 of 1st period - Yan Stastny is hit by Mike Sislo and loses puck.
7:47 of 1st period - Snap shot by Nick Spaling.
7:47 of 1st period - Stopped by Loïc Lacasse with a rebound.
8:51 of 1st period - Slapshot by Willie Mitchell.
8:51 of 1st period - Deflect By Jiri Tlusty.
8:51 of 1st period - Stopped by Tobias Stephan with a rebound.
9:17 of 1st period - Torey Krug is hit by Willie Mitchell and loses puck.
9:35 of 1st period - David Kolomatis is hit by Jonathan Rheault.
10:30 of 1st period - Icing by Mark Stone.
10:31 of 1st period - Cody Eakin wins face-off versus Nathan Davis in Staline zone.
10:56 of 1st period - Yan Stastny is hit by Cody McLeod and loses puck.
11:21 of 1st period - Snap shot by Jonathan Rheault.
11:21 of 1st period - Stopped by Tobias Stephan without a rebound.
11:22 of 1st period - Nathan Davis wins face-off versus Andrei Loktionov in Staline zone.
11:31 of 1st period - Snap shot by Nathan Davis.
11:31 of 1st period - Stopped by Tobias Stephan without a rebound.
11:32 of 1st period - Andrei Loktionov wins face-off versus Nathan Davis in Staline zone.
11:53 of 1st period - Slapshot by Mark Fraser.
11:53 of 1st period - Shot Blocked by Nathan Davis.
11:55 of 1st period - Slapshot by Stu Bickel.
11:55 of 1st period - Deflect By Ryan Ellis.
11:55 of 1st period - Stopped by Loïc Lacasse with a rebound.
11:57 of 1st period - Backhand shot by Mark Fraser.
11:57 of 1st period - Shot Misses the Net.
11:59 of 1st period - Snap shot by Andrei Loktionov.
11:59 of 1st period - Goal by Andrei Loktionov - Rafales : 0 - Staline : 1.
12:00 of 1st period - Dan Fritsche wins face-off versus Yan Stastny in neutral zone.
12:00 of 1st period - Cody McLeod is hit by Mark Fraser and loses puck.
12:04 of 1st period - Off-side.
12:05 of 1st period - Cody McLeod wins face-off versus Yan Stastny in neutral zone.
12:37 of 1st period - Snap shot by Evgeny Dadonov.
12:37 of 1st period - Deflect By Andrei Loktionov.
12:37 of 1st period - Stopped by Loïc Lacasse without a rebound.
12:38 of 1st period - Andrei Loktionov wins face-off versus Kevin Veilleux in Rafales zone.
12:39 of 1st period - Wrist shot by Evgeny Dadonov.
12:39 of 1st period - Shot Misses the Net.
12:41 of 1st period - Minor Penalty to Ryan Ellis for Tripping.
12:42 of 1st period - Cody McLeod wins face-off versus Andrei Loktionov in Rafales zone.
12:53 of 1st period - Wrist shot by Evgeny Dadonov.
12:53 of 1st period - Stopped by Loïc Lacasse with a rebound.
12:55 of 1st period - Slapshot by Mark Fraser.
12:55 of 1st period - Shot Misses the Net.
14:41 of 1st period - Penalty to Ryan Ellis is over, Ryan Ellis is back on ice.
15:06 of 1st period - Ryan Ellis is hit by Aaron Ness and loses puck.
15:27 of 1st period - Snap shot by Nathan Davis.
15:27 of 1st period - Stopped by Tobias Stephan with a rebound.
15:37 of 1st period - Wrist shot by Cody McLeod.
15:37 of 1st period - Deflect By Dan Fritsche.
15:37 of 1st period - Shot Misses the Net.
15:37 of 1st period - Puck is out of play.
15:38 of 1st period - Dan Fritsche wins face-off versus Cody Eakin in Staline zone.
15:39 of 1st period - Snap shot by Cody McLeod.
15:39 of 1st period - Stopped by Tobias Stephan with a rebound.
15:41 of 1st period - Slapshot by Ryan Ellis.
15:41 of 1st period - Deflect By David Kolomatis.
15:41 of 1st period - Stopped by Tobias Stephan with a rebound.
15:43 of 1st period - Slapshot by Ryan Ellis.
15:43 of 1st period - Stopped by Tobias Stephan with a rebound.
15:45 of 1st period - Slapshot by Milan Bartovic.
15:45 of 1st period - Stopped by Tobias Stephan without a rebound.
15:46 of 1st period - Andrei Loktionov wins face-off versus Nathan Davis in Staline zone.
16:23 of 1st period - Wrist shot by Yan Stastny.
16:23 of 1st period - Stopped by Loïc Lacasse without a rebound.
16:24 of 1st period - Kevin Veilleux wins face-off versus Andrei Loktionov in Rafales zone.
16:24 of 1st period - Kevin Veilleux is hit by Jiri Tlusty.
16:49 of 1st period - Kevin Veilleux is hit by Bryan Bickell and loses puck.
17:04 of 1st period - Slapshot by Jeff Skinner.
17:04 of 1st period - Deflect By Jonathan Rheault.
17:04 of 1st period - Shot Misses the Net.
17:04 of 1st period - Puck is out of play.
17:05 of 1st period - Dan Fritsche wins face-off versus Andrei Loktionov in Staline zone.
17:20 of 1st period - Wrist shot by Milan Bartovic.
17:20 of 1st period - Shot Misses the Net.
17:32 of 1st period - Ryan Ellis is hit by Torey Krug and loses puck.
17:42 of 1st period - Minor Penalty to David Kolomatis for Holding.
17:43 of 1st period - Dan Fritsche wins face-off versus Andrei Loktionov in Staline zone.
17:47 of 1st period - Backhand shot by Dan Fritsche.
17:47 of 1st period - Stopped by Tobias Stephan with a rebound.
17:49 of 1st period - Wrist shot by Cody McLeod.
17:49 of 1st period - Shot Misses the Net.
17:51 of 1st period - Snap shot by Dan Fritsche.
17:51 of 1st period - Shot Blocked by Mark Fraser.
17:55 of 1st period - Slapshot by Cody McLeod.
17:55 of 1st period - Shot Blocked by Evgeny Dadonov.
17:57 of 1st period - Slapshot by Matt Gilroy.
17:57 of 1st period - Shot Blocked by Stu Bickel.
17:59 of 1st period - Backhand shot by Ryan Ellis.
17:59 of 1st period - Stopped by Tobias Stephan with a rebound.
18:29 of 1st period - Wrist shot by Yan Stastny.
18:29 of 1st period - Stopped by Loïc Lacasse with a rebound.
19:15 of 1st period - Nathan Davis is hit by Greg Pateryn and loses puck.
19:42 of 1st period - Penalty to David Kolomatis is over, David Kolomatis is back on ice.
Goals for this period are 0 for Rafales vs 1 for Staline.
Shots for this period are 12 for Rafales vs 16 for Staline.

2nd period


0:01 of 2nd period - Dan Fritsche wins face-off versus Andrei Loktionov in neutral zone.
1:06 of 2nd period - Mark Fraser is hit by Kevin Veilleux and loses puck.
2:37 of 2nd period - Bruno Gervais is hit by Yan Stastny and loses puck.
3:07 of 2nd period - Minor Penalty to Cody Eakin for High sticking.
3:08 of 2nd period - Dan Fritsche wins face-off versus Andrei Loktionov in Staline zone.
3:10 of 2nd period - Snap shot by Ryan Ellis.
3:10 of 2nd period - Deflect By Andrei Loktionov.
3:10 of 2nd period - Goal by Ryan Ellis - Rafales : 1 - Staline : 1.
3:11 of 2nd period - Andrei Loktionov wins face-off versus Dan Fritsche in neutral zone.
3:55 of 2nd period - Ryan Ellis is hit by Bryan Bickell.
3:59 of 2nd period - Slapshot by Willie Mitchell.
3:59 of 2nd period - Deflect By Jeff Skinner.
3:59 of 2nd period - Shot Misses the Net.
3:59 of 2nd period - Puck is out of play.
4:00 of 2nd period - Kevin Veilleux wins face-off versus Andrei Loktionov in Staline zone.
4:15 of 2nd period - Wrist shot by Andrei Loktionov.
4:15 of 2nd period - Stopped by Loïc Lacasse with a rebound.
4:24 of 2nd period - Icing by Cody McLeod.
4:25 of 2nd period - Dan Fritsche wins face-off versus Yan Stastny in Rafales zone.
4:35 of 2nd period - Off-side.
4:36 of 2nd period - Dan Fritsche wins face-off versus Andrei Loktionov in neutral zone.
4:59 of 2nd period - Icing by Mark Fraser.
5:00 of 2nd period - Nathan Davis wins face-off versus Yan Stastny in Staline zone.
5:07 of 2nd period - Snap shot by Mike Sislo.
5:07 of 2nd period - Shot Hit the Post.
5:09 of 2nd period - Snap shot by Nathan Davis.
5:09 of 2nd period - Shot Misses the Net.
5:11 of 2nd period - Slapshot by Bruno Gervais.
5:11 of 2nd period - Shot Misses the Net.
5:13 of 2nd period - Snap shot by Johan Ryno.
5:13 of 2nd period - Stopped by Tobias Stephan without a rebound.
5:14 of 2nd period - Jiri Tlusty wins face-off versus Dan Fritsche in Staline zone.
5:46 of 2nd period - Cody McLeod is hit by Torey Krug and loses puck.
5:59 of 2nd period - Slapshot by Evgeny Dadonov.
5:59 of 2nd period - Stopped by Loïc Lacasse without a rebound.
6:00 of 2nd period - Yan Stastny wins face-off versus Nathan Davis in Rafales zone.
6:21 of 2nd period - Minor Penalty to Johan Ryno for Slashing.
6:22 of 2nd period - Cody McLeod wins face-off versus Andrei Loktionov in Rafales zone.
6:22 of 2nd period - Cody McLeod is hit by Andrei Loktionov.
7:43 of 2nd period - Milan Bartovic is hit by Jiri Tlusty and loses puck.
8:08 of 2nd period - Yan Stastny is hit by Jeff Skinner.
8:21 of 2nd period - Penalty to Johan Ryno is over, Johan Ryno is back on ice.
8:31 of 2nd period - Wrist shot by Michael Bournival.
8:31 of 2nd period - Shot Misses the Net.
8:33 of 2nd period - Slapshot by Johan Ryno.
8:33 of 2nd period - Stopped by Tobias Stephan with a rebound.
8:35 of 2nd period - Snap shot by Jeff Skinner.
8:35 of 2nd period - Shot Blocked by Bryan Bickell.
8:37 of 2nd period - Slapshot by Michael Bournival.
8:37 of 2nd period - Shot Blocked by David Kolomatis.
8:39 of 2nd period - Snap shot by Jeff Skinner.
8:39 of 2nd period - Goal by Jeff Skinner - Rafales : 2 - Staline : 1.
8:40 of 2nd period - Dan Fritsche wins face-off versus Jiri Tlusty in neutral zone.
8:45 of 2nd period - Slapshot by Ryan Ellis.
8:45 of 2nd period - Deflect By Andrei Loktionov.
8:45 of 2nd period - Stopped by Tobias Stephan with a rebound.
8:50 of 2nd period - Icing by Greg Pateryn.
8:51 of 2nd period - Andrei Loktionov wins face-off versus Dan Fritsche in Staline zone.
8:56 of 2nd period - Wrist shot by Cody McLeod.
8:56 of 2nd period - Shot Blocked by Jiri Tlusty.
8:58 of 2nd period - Snap shot by Ryan Ellis.
8:58 of 2nd period - Deflect By Andrei Loktionov.
8:58 of 2nd period - Stopped by Tobias Stephan without a rebound.
8:59 of 2nd period - Dan Fritsche wins face-off versus Andrei Loktionov in Staline zone.
9:00 of 2nd period - Slapshot by Ryan Ellis.
9:00 of 2nd period - Deflect By Milan Bartovic.
9:00 of 2nd period - Shot Misses the Net.
9:00 of 2nd period - Puck is out of play.
9:01 of 2nd period - Cody McLeod wins face-off versus Andrei Loktionov in Staline zone.
9:02 of 2nd period - Slapshot by Dan Fritsche.
9:02 of 2nd period - Stopped by Tobias Stephan with a rebound.
9:04 of 2nd period - Slapshot by Ryan Ellis.
9:04 of 2nd period - Deflect By Cody McLeod.
9:04 of 2nd period - Shot Misses the Net.
9:04 of 2nd period - Puck is out of play.
9:05 of 2nd period - Dan Fritsche wins face-off versus Jiri Tlusty in Staline zone.
9:30 of 2nd period - Stu Bickel is hit by Jeff Skinner and loses puck.
9:41 of 2nd period - Snap shot by Jeff Skinner.
9:41 of 2nd period - Stopped by Tobias Stephan with a rebound.
9:43 of 2nd period - Wrist shot by Jeff Skinner.
9:43 of 2nd period - Stopped by Tobias Stephan without a rebound.
9:44 of 2nd period - Nick Spaling wins face-off versus Nathan Davis in Staline zone.
10:01 of 2nd period - Jordan Caron is hit by Nathan Davis and loses puck.
10:47 of 2nd period - Off-side.
10:48 of 2nd period - Dan Fritsche wins face-off versus Yan Stastny in neutral zone.
11:20 of 2nd period - Jordan Caron is hit by Kevin Veilleux and loses puck.
11:40 of 2nd period - Minor Penalty to Evgeny Dadonov for Hooking.
11:41 of 2nd period - Andrei Loktionov wins face-off versus Dan Fritsche in Staline zone.
11:52 of 2nd period - Slapshot by Ryan Ellis.
11:52 of 2nd period - Shot Blocked by Torey Krug.
11:54 of 2nd period - Snap shot by Cody McLeod.
11:54 of 2nd period - Goal by Cody McLeod - Rafales : 3 - Staline : 1.
11:55 of 2nd period - Dan Fritsche wins face-off versus Andrei Loktionov in neutral zone.
12:21 of 2nd period - Nathan Davis is hit by Yan Stastny and loses puck.
12:34 of 2nd period - Johan Ryno is hit by Nick Spaling and loses puck.
13:18 of 2nd period - Wrist shot by Cody McLeod.
13:18 of 2nd period - Deflect By Dan Fritsche.
13:18 of 2nd period - Stopped by Tobias Stephan with a rebound.
13:41 of 2nd period - Wrist shot by Jiri Tlusty.
13:41 of 2nd period - Shot Misses the Net.
13:43 of 2nd period - Snap shot by Jiri Tlusty.
13:43 of 2nd period - Shot Misses the Net.
13:53 of 2nd period - Slapshot by Matt Gilroy.
13:53 of 2nd period - Stopped by Tobias Stephan without a rebound.
13:54 of 2nd period - Yan Stastny wins face-off versus Nathan Davis in Staline zone.
14:02 of 2nd period - Minor Penalty to Nathan Davis for Roughing.
14:03 of 2nd period - Cody McLeod wins face-off versus Andrei Loktionov in Rafales zone.
14:11 of 2nd period - Slapshot by Stu Bickel.
14:11 of 2nd period - Shot Hit the Post.
14:13 of 2nd period - Slapshot by Mark Fraser.
14:13 of 2nd period - Stopped by Loïc Lacasse with a rebound.
14:15 of 2nd period - Wrist shot by Mark Fraser.
14:15 of 2nd period - Shot Blocked by Cody McLeod.
14:39 of 2nd period - Slapshot by Ryan Ellis.
14:39 of 2nd period - Stopped by Tobias Stephan with a rebound.
14:41 of 2nd period - Snap shot by Michael Bournival.
14:41 of 2nd period - Stopped by Tobias Stephan with a rebound.
14:43 of 2nd period - Slapshot by Michael Bournival.
14:43 of 2nd period - Stopped by Tobias Stephan without a rebound.
14:44 of 2nd period - Evgeny Dadonov wins face-off versus Cody McLeod in Staline zone.
14:59 of 2nd period - Slapshot by Torey Krug.
14:59 of 2nd period - Shot Misses the Net.
15:09 of 2nd period - Matt Gilroy is hit by Jordan Caron and loses puck.
15:17 of 2nd period - Icing by Jordan Caron.
15:18 of 2nd period - Yan Stastny wins face-off versus Michael Bournival in Staline zone.
15:25 of 2nd period - Slapshot by Torey Krug.
15:25 of 2nd period - Stopped by Loïc Lacasse with a rebound.
15:54 of 2nd period - Wrist shot by Jiri Tlusty.
15:54 of 2nd period - Shot Blocked by Willie Mitchell.
16:02 of 2nd period - Penalty to Nathan Davis is over, Nathan Davis is back on ice.
16:14 of 2nd period - Wrist shot by Johan Ryno.
16:14 of 2nd period - Stopped by Tobias Stephan with a rebound.
16:32 of 2nd period - Slapshot by Matt Gilroy.
16:32 of 2nd period - Shot Misses the Net.
16:34 of 2nd period - Slapshot by Bruno Gervais.
16:34 of 2nd period - Shot Blocked by Cody Eakin.
17:06 of 2nd period - Matt Gilroy is hit by Stu Bickel and loses puck.
17:19 of 2nd period - Snap shot by Milan Bartovic.
17:19 of 2nd period - Shot Blocked by Greg Pateryn.
17:23 of 2nd period - Snap shot by Cody McLeod.
17:23 of 2nd period - Stopped by Tobias Stephan with a rebound.
17:25 of 2nd period - Slapshot by Bruno Gervais.
17:25 of 2nd period - Shot Misses the Net.
17:27 of 2nd period - Snap shot by Cody McLeod.
17:27 of 2nd period - Shot Blocked by David Desharnais.
17:29 of 2nd period - Snap shot by Dan Fritsche.
17:29 of 2nd period - Shot Blocked by Greg Pateryn.
17:51 of 2nd period - Greg Pateryn is hit by Nathan Davis and loses puck.
18:16 of 2nd period - Snap shot by Jonathan Rheault.
18:16 of 2nd period - Stopped by Tobias Stephan without a rebound.
18:17 of 2nd period - Yan Stastny wins face-off versus Dan Fritsche in Staline zone.
18:53 of 2nd period - Torey Krug is hit by Bruno Gervais and loses puck.
19:04 of 2nd period - Snap shot by Evgeny Dadonov.
19:04 of 2nd period - Stopped by Loïc Lacasse without a rebound.
19:05 of 2nd period - David Desharnais wins face-off versus Nathan Davis in Rafales zone.
19:49 of 2nd period - Minor Penalty to Cody McLeod for Hooking.
19:50 of 2nd period - Andrei Loktionov wins face-off versus Michael Bournival in Rafales zone.
Goals for this period are 3 for Rafales vs 0 for Staline.
Shots for this period are 18 for Rafales vs 5 for Staline.

3rd period


0:01 of 3rd period - Andrei Loktionov wins face-off versus Michael Bournival in neutral zone.
0:12 of 3rd period - Snap shot by Evgeny Dadonov.
0:12 of 3rd period - Shot Misses the Net.
0:14 of 3rd period - Slapshot by Stu Bickel.
0:14 of 3rd period - Stopped by Loïc Lacasse without a rebound.
0:15 of 3rd period - Michael Bournival wins face-off versus Andrei Loktionov in Rafales zone.
1:49 of 3rd period - Penalty to Cody McLeod is over, Cody McLeod is back on ice.
3:42 of 3rd period - Aaron Ness is hit by Mike Sislo and loses puck.
3:57 of 3rd period - Wrist shot by Milan Bartovic.
3:57 of 3rd period - Stopped by Tobias Stephan without a rebound.
3:58 of 3rd period - Cody Eakin wins face-off versus Dan Fritsche in Staline zone.
4:03 of 3rd period - Slapshot by Torey Krug.
4:03 of 3rd period - Shot Blocked by Cody McLeod.
4:47 of 3rd period - David Kolomatis is hit by Jeff Skinner.
5:21 of 3rd period - Slapshot by Cody McLeod.
5:21 of 3rd period - Shot Blocked by Stu Bickel.
5:34 of 3rd period - Icing by Willie Mitchell.
5:35 of 3rd period - Kevin Veilleux wins face-off versus Cody Eakin in Rafales zone.
5:35 of 3rd period - Kevin Veilleux is hit by Aaron Ness.
6:01 of 3rd period - Ryan Ellis is hit by Yan Stastny.
6:05 of 3rd period - Slapshot by Jeff Skinner.
6:05 of 3rd period - Stopped by Tobias Stephan with a rebound.
6:26 of 3rd period - Slapshot by Evgeny Dadonov.
6:26 of 3rd period - Shot Blocked by Milan Bartovic.
6:32 of 3rd period - Snap shot by Milan Bartovic.
6:32 of 3rd period - Stopped by Tobias Stephan with a rebound.
6:46 of 3rd period - Johan Ryno is hit by Bryan Bickell and loses puck.
7:10 of 3rd period - Johan Ryno is hit by Jordan Caron and loses puck.
7:18 of 3rd period - Off-side.
7:19 of 3rd period - Andrei Loktionov wins face-off versus Dan Fritsche in neutral zone.
7:26 of 3rd period - Wrist shot by Evgeny Dadonov.
7:26 of 3rd period - Shot Blocked by Ryan Ellis.
8:13 of 3rd period - Snap shot by Yan Stastny.
8:13 of 3rd period - Shot Misses the Net.
8:19 of 3rd period - Greg Pateryn is hit by Willie Mitchell and loses puck.
8:52 of 3rd period - Slapshot by Marc-André Gragnani.
8:52 of 3rd period - Shot Blocked by Stu Bickel.
9:00 of 3rd period - Wrist shot by Andrei Loktionov.
9:00 of 3rd period - Stopped by Loïc Lacasse without a rebound.
9:01 of 3rd period - David Desharnais wins face-off versus Dan Fritsche in Rafales zone.
9:32 of 3rd period - Off-side.
9:33 of 3rd period - Nathan Davis wins face-off versus Cody Eakin in neutral zone.
9:40 of 3rd period - Slapshot by Mike Sislo.
9:40 of 3rd period - Shot Misses the Net.
9:42 of 3rd period - Snap shot by Bruno Gervais.
9:42 of 3rd period - Deflect By Torey Krug.
9:42 of 3rd period - Stopped by Tobias Stephan without a rebound.
9:43 of 3rd period - Nathan Davis wins face-off versus Andrei Loktionov in Staline zone.
9:44 of 3rd period - Slapshot by Ryan Ellis.
9:44 of 3rd period - Goal by Ryan Ellis - Rafales : 4 - Staline : 1.
9:45 of 3rd period - Andrei Loktionov wins face-off versus Dan Fritsche in neutral zone.
10:06 of 3rd period - Milan Bartovic is hit by Andrei Loktionov and loses puck.
10:27 of 3rd period - Wrist shot by Nick Spaling.
10:27 of 3rd period - Shot Misses the Net.
10:51 of 3rd period - Slapshot by Ryan Ellis.
10:51 of 3rd period - Stopped by Tobias Stephan without a rebound.
10:52 of 3rd period - Jiri Tlusty wins face-off versus Dan Fritsche in Staline zone.
11:01 of 3rd period - Snap shot by Evgeny Dadonov.
11:01 of 3rd period - Shot Misses the Net.
11:03 of 3rd period - Slapshot by Evgeny Dadonov.
11:03 of 3rd period - Shot Hit the Post.
11:05 of 3rd period - Snap shot by Andrei Loktionov.
11:05 of 3rd period - Deflect By Evgeny Dadonov.
11:05 of 3rd period - Goal by Evgeny Dadonov - Rafales : 4 - Staline : 2.
11:06 of 3rd period - Jiri Tlusty wins face-off versus Dan Fritsche in neutral zone.
11:09 of 3rd period - Slapshot by Stu Bickel.
11:09 of 3rd period - Shot Blocked by Dan Fritsche.
11:11 of 3rd period - Slapshot by Evgeny Dadonov.
11:11 of 3rd period - Stopped by Loïc Lacasse with a rebound.
11:13 of 3rd period - Snap shot by Evgeny Dadonov.
11:13 of 3rd period - Goal by Evgeny Dadonov - Rafales : 4 - Staline : 3.
11:14 of 3rd period - Dan Fritsche wins face-off versus Andrei Loktionov in neutral zone.
11:16 of 3rd period - Off-side.
11:17 of 3rd period - Andrei Loktionov wins face-off versus Cody McLeod in neutral zone.
11:17 of 3rd period - Andrei Loktionov is hit by Cody McLeod.
11:30 of 3rd period - Minor Penalty to Cody McLeod for Slashing.
11:31 of 3rd period - Andrei Loktionov wins face-off versus Michael Bournival in Rafales zone.
11:31 of 3rd period - Backhand shot by Evgeny Dadonov.
11:31 of 3rd period - Goal by Evgeny Dadonov - Rafales : 4 - Staline : 4.
11:32 of 3rd period - Andrei Loktionov wins face-off versus Dan Fritsche in neutral zone.
11:59 of 3rd period - Nathan Davis is hit by Nick Spaling.
12:04 of 3rd period - Minor Penalty to Mike Sislo for Roughing.
12:05 of 3rd period - Cody McLeod wins face-off versus Andrei Loktionov in Rafales zone.
12:37 of 3rd period - Yan Stastny is hit by Ryan Ellis and loses puck.
13:43 of 3rd period - Mark Fraser is hit by Dan Fritsche and loses puck.
14:04 of 3rd period - Penalty to Mike Sislo is over, Mike Sislo is back on ice.
14:14 of 3rd period - Slapshot by Jonas Junland.
14:14 of 3rd period - Stopped by Tobias Stephan with a rebound.
14:37 of 3rd period - Slapshot by David Kolomatis.
14:37 of 3rd period - Shot Hit the Post.
14:47 of 3rd period - Minor Penalty to James Marcou for High sticking.
14:48 of 3rd period - Yan Stastny wins face-off versus Cody McLeod in Rafales zone.
14:55 of 3rd period - Snap shot by Yan Stastny.
14:55 of 3rd period - Goal by Yan Stastny - Rafales : 4 - Staline : 5.
14:56 of 3rd period - Dan Fritsche wins face-off versus Andrei Loktionov in neutral zone.
14:56 of 3rd period - Minor Penalty to Cody McLeod for Hooking.
14:57 of 3rd period - Andrei Loktionov wins face-off versus Michael Bournival in Rafales zone.
15:06 of 3rd period - Wrist shot by Evgeny Dadonov.
15:06 of 3rd period - Shot Misses the Net.
15:22 of 3rd period - Ryan Ellis is hit by Stu Bickel and loses puck.
16:56 of 3rd period - Penalty to Cody McLeod is over, Cody McLeod is back on ice.
17:01 of 3rd period - Ryan Ellis is hit by Bryan Bickell and loses puck.
17:10 of 3rd period - Wrist shot by Danny Kristo.
17:10 of 3rd period - Shot Blocked by Ryan Ellis.
17:12 of 3rd period - Snap shot by Bryan Bickell.
17:12 of 3rd period - Shot Misses the Net.
17:48 of 3rd period - Minor Penalty to Mike Sislo for Interference.
17:49 of 3rd period - Andrei Loktionov wins face-off versus Cody McLeod in Rafales zone.
18:18 of 3rd period - Wrist shot by Yan Stastny.
18:18 of 3rd period - Deflect By Bruno Gervais.
18:18 of 3rd period - Shot Misses the Net.
18:18 of 3rd period - Puck is out of play.
18:19 of 3rd period - Andrei Loktionov wins face-off versus Cody McLeod in Rafales zone.
18:32 of 3rd period - Snap shot by Evgeny Dadonov.
18:32 of 3rd period - Deflect By Jiri Tlusty.
18:32 of 3rd period - Stopped by Loïc Lacasse with a rebound.
19:00 of 3rd period - Bruno Gervais is hit by Yan Stastny and loses puck.
19:48 of 3rd period - Penalty to Mike Sislo is over, Mike Sislo is back on ice.
19:57 of 3rd period - Slapshot by Mark Fraser.
19:57 of 3rd period - Stopped by Loïc Lacasse without a rebound.
19:58 of 3rd period - Peter DeBoer call a timeout for Rafales.
19:58 of 3rd period - Corey Trivino wins face-off versus Nathan Davis in Rafales zone.
Goals for this period are 1 for Rafales vs 4 for Staline.
Shots for this period are 7 for Rafales vs 9 for Staline.